 Dungeon Crawl Stone Soup version 0.25-a0-578-gc91f01c39c (webtiles) character file.

Game seed: 10829394607059368692, levelgen mode: deterministic

3701 Esekla the Covert (level 9, -3/46 HPs)
             Began as a Spriggan Artificer on Mar 6, 2020.
             Killed by divine providence
             ... invoked by an orc priest
              (10 damage)
             ... on level 8 of the Dungeon.
             The game lasted 00:59:50 (8916 turns).

Esekla the Covert (Spriggan Artificer)              Turns: 8916, Time: 00:59:50

Health: -3/46      AC:  2    Str:  8    XL:     9   Next: 91%
Magic:  13/13      EV: 27    Int: 17    God:
Gold:   584        SH:  0    Dex: 19    Spells: 8/8 levels left

rFire    . . .     SeeInvis +   v - +2 dagger (venom)
rCold    . . .     Gourm    .   (shield restricted)
rNeg     . . .     Faith    .   b - +0 robe
rPois    .         Spirit   .   (helmet restricted)
rElec    .         Reflect  .   (no cloak)
rCorr    .         Harm     .   (gloves unavailable)
MR       +....                  (boots unavailable)
Stlth    +++++.....             (no amulet)
HPRegen  0.15/turn              n - +2 ring of evasion
MPRegen  0.13/turn              I - ring of flight

@: very quick
A: very small, unfitting armour, see invisible, agile 1, clever 1, herbivore,
speed 3, slow metabolism 2, no potion heal 1
a: Evoke Flight


You were on level 8 of the Dungeon.
You were not hungry.

You visited 1 branch of the dungeon, and saw 10 of its levels.

You collected 584 gold pieces.

Inventory:

Hand Weapons
 j - a +2 dagger of distortion
 s - a +2 dagger of speed
 v - a +2 dagger of venom (weapon)
 L - a +2 dagger of holy wrath
Missiles
 t - 9 boomerangs
 C - 3 atropa-tipped darts
 H - 11 poisoned darts (quivered)
Armour
 b - a +0 robe (worn)
 z - a +0 leather armour
 F - a +0 leather armour
 K - a +0 leather armour
Jewellery
 k - an uncursed ring of ice
 l - an uncursed ring of teleportation
 m - an uncursed amulet of faith
 n - a +2 ring of evasion (left hand)
 I - a ring of flight (right hand)
Wands
 c - a wand of flame (15)
 e - a wand of random effects (37)
 p - a wand of paralysis (13)
 x - a wand of digging (1)
 E - a wand of acid (19)
Scrolls
 d - 2 scrolls of vulnerability {unknown}
 h - 7 scrolls of remove curse
 i - 3 scrolls of teleportation
 o - a scroll of amnesia
 r - a scroll of enchant weapon {unknown}
 u - a scroll of blinking {unknown}
 w - 2 scrolls of identify
 y - a scroll of magic mapping
 G - a scroll of fog {unknown}
 M - a scroll of enchant armour {unknown}
 N - a scroll of torment {unknown}
Potions
 a - a potion of mutation
 g - a potion of flight
 q - 2 potions of invisibility
 B - 2 potions of degeneration
 D - 2 potions of ambrosia
 J - a potion of resistance
 O - a potion of lignification
Comestibles
 f - 11 rations


   Skills:
 + Level 4.4 Fighting
 + Level 8.7 Short Blades
 + Level 3.8 Throwing
 + Level 8.6 Dodging
 + Level 11.6 Stealth
 + Level 4.9 Evocations


You had 8 spell levels left.
You didn't know any spells.
Your spell library was empty.

Dungeon Overview and Level Annotations

Branches:
Dungeon (10/15)              Lair (0/6) D:9             Orc (0/2) D:9
 Temple: D:4-7

Altars:
Ashenzari
Makhleb
Okawaru
Qazlal
Uskayaw
Yredelemnul

Shops:
D:4 ?

Portals:
Trove: D:10 (give +2 fire dragon scales)

Annotations:
D:3 Sigmund
D:6 Menkaure
D:10 3 runed translucent doors, Tenz's ghost, novice GnWr


Innate Abilities, Weirdness & Mutations

You are very small and have problems with some larger weapons.
You are too small for most types of armour.
You have supernaturally acute eyesight. (SInv)
You are a herbivore.
You cover ground extremely quickly.
You need to consume almost no food.
You are agile. (Dex +2)
Your mind is acute. (Int +2)
Potions are less effective at restoring your health.


Message History

You start resting.
The orc priest is too close now for your liking.
The orc priest shouts!
You hear a shout!
Okay, then.
The orc shouts!
You hit the orc priest but do no damage.
The orc priest is poisoned.
You hear a shout!
The orc throws a silver boomerang.
The silver boomerang closely misses you.
The weapon returns to the orc!
The orc priest hits you with a +0 dagger.
The orc priest invokes the aid of Beogh against you.
Beogh smites you!
* * * LOW HITPOINT WARNING * * *
The orc priest mumbles some strange prayers to Beogh against you.
You resist with some effort.
The orc priest calls down the wrath of Beogh upon you.
Beogh smites you!
You die...

### ### ## #.## #.# ####.# ...##
##.## ##.#..## ....####...#
##......#####
#...o.>o...###..@......#.#
#..........#.......#.....#####
.......##o.........##..........
.o.....###.#.....##.............
.....#.######.#................##
....##....# #.##................#
.....##...###.###................
....####....#.###................
................#................


You could see an orc priest.

Vanquished Creatures
  Pikel (D:4)
  Psyche (D:9)
  A wyvern (D:10)
  3 porcupines (D:9)
  An orc warrior (D:9)
  2 sky beasts
  A phantom (D:8)
  An ogre (D:7)
  3 centaurs
  A crocodile (D:9)
  5 bullfrogs
  A scorpion (D:5)
  8 killer bees
  3 howler monkeys (D:10)
  A crimson imp (D:9)
  A bullfrog zombie (D:5)
  4 hounds
  2 orc priests (D:4)
  2 iguanas (D:5)
  6 orc wizards
  5 worker ants
  2 hound zombies
  A hound skeleton (D:9)
  8 adders
  3 gnolls (D:4)
  3 shadow imps
  4 worms
  2 dart slugs
  9 leopard geckos
  9 orcs
  A ball python (D:4)
  11 bats
  5 giant cockroaches
  9 goblins
  9 hobgoblins
  4 jackals (D:1)
  6 quokkas
  7 frilled lizards
  2 giant cockroach zombies (D:5)
  2 jackal skeletons
  5 kobolds
  A quokka zombie (D:7)
  9 rats
165 creatures vanquished.

Vanquished Creatures (others)
  2 slaves (D:4)
  An orc priest (D:4)
  An orc wizard (D:4)
  3 orcs (D:4)
  A bush (D:9)
  7 fungi (D:9)
  20 plants
35 creatures vanquished.

Grand Total: 200 creatures vanquished

Notes
Turn   | Place    | Note
-------+----------+-------------------------------------------
     0 | D:1      | Esekla the Spriggan Artificer began the quest for the Orb.
     0 | D:1      | Reached XP level 1. HP: 9/9 MP: 4/4
   247 | D:1      | Reached skill level 2 in Stealth
   373 | D:1      | Reached XP level 2. HP: 12/14 MP: 6/6
   869 | D:1      | Reached XP level 3. HP: 7/17 MP: 7/7
  1546 | D:2      | Found a stormy altar of Qazlal.
  1616 | D:2      | Reached skill level 1 in Fighting
  1616 | D:2      | Reached XP level 4. HP: 22/22 MP: 8/8
  1914 | D:2      | Found a shattered altar of Ashenzari.
  1914 | D:2      | Found an iron altar of Okawaru.
  1914 | D:2      | Found a hide-covered altar of Uskayaw.
  1999 | D:3      | Reached skill level 3 in Stealth
  2452 | D:3      | Noticed Sigmund
  2623 | D:2      | Reached XP level 5. HP: 21/25 MP: 9/9
  3316 | D:4      | Found Qanuusadug's Magic Scroll Boutique.
  3445 | D:4      | Found a basalt altar of Yredelemnul.
  3465 | D:4      | Reached skill level 4 in Stealth
  3802 | D:4      | Noticed a slave
  3803 | D:4      | Noticed Pikel
  3803 | D:4      | Noticed a slave
  3873 | D:4      | Killed Pikel
  3873 | D:4      | Reached skill level 5 in Short Blades
  3873 | D:4      | Reached skill level 5 in Dodging
  3873 | D:4      | Reached skill level 7 in Stealth
  3873 | D:4      | Reached XP level 6. HP: 10/32 MP: 10/10
  3873 | D:4      | Reached XP level 7. HP: 12/35 MP: 11/11
  5003 | D:5      | Entered Level 5 of the Dungeon
  5484 | D:5      | Reached XP level 8. HP: 32/39 MP: 12/12
  5493 | D:5      | Reached skill level 8 in Stealth
  6123 | D:6      | Noticed Menkaure
  6188 | D:6      | You fall into a shaft and drop 1 floor!
  6276 | D:7      | Found a burning altar of Makhleb.
  6963 | D:8      | Reached skill level 1 in Throwing
  6963 | D:8      | Reached skill level 9 in Stealth
  7171 | D:8      | Gained mutation: Potions are less effective at restoring
                  | your health. [potion of mutation]
  7171 | D:8      | Gained mutation: Your mind is acute. (Int +2) [potion of
                  | mutation]
  7171 | D:8      | Gained mutation: You are agile. (Dex +2) [potion of
                  | mutation]
  7497 | D:9      | Found a staircase to the Orcish Mines.
  7500 | D:9      | Found a staircase to the Lair.
  7624 | D:9      | Reached skill level 10 in Stealth
  7624 | D:9      | Reached XP level 9. HP: 34/45 MP: 13/13
  7644 | D:10     | Entered Level 10 of the Dungeon
  7873 | D:10     | Found a portal to a secret trove of treasure.
  7966 | D:10     | Found a runed translucent gate.
  7967 | D:10     | Found a runed translucent gate.
  7967 | D:10     | Noticed Tenz's ghost (novice GnWr)
  7967 | D:10     | Noticed a nine-headed hydra
  7968 | D:10     | Found a runed translucent gate.
  7971 | D:10     | Noticed a ten-headed hydra
  8271 | D:9      | Noticed Psyche
  8282 | D:9      | Reached skill level 11 in Stealth
  8454 | D:9      | Killed Psyche
  8641 | D:9      | Noticed a troll
  8916 | D:8      | Killed from afar by an orc priest

Levels and vault maps discovered:
D:1:      lightli_arrival_lavapool, layout_loops_ring, minmay_vboxes
D:2:      layout_rooms, lemuel_crystal_altar, gammafunk_temple_overflow_claw
D:3:      layout_basic, uniq_sigmund
D:4:      layout_layer_cave, serial_shops, shop, first_ration,
          yredelemnul_altar_generic, uniq_pikel
D:5:      layout_basic, abandoned_shop
D:6:      layout_basic, roderic_nine_men_s_morris, uniq_menkaure
D:7:      layout_cave_pools, lemuel_doored_altar, temple_green,
          minmay_fractal_squares_5
D:8:      layout_cave_pools, grunt_livestock
D:9:      layout_irregular_city, nicolae_overflow_hidden_temple,
          minmay_lair_entry_grove, minmay_orc_entry_temple_small, uniq_psyche
D:10:     layout_roguey, gammafunk_ghost_hydra_chop,
          nicolae_trove_entry_free_sample

Skill      XL: |  1  2  3  4  5  6  7  8  9 |
---------------+----------------------------+-----
Stealth        | 2 3 7 10 11 | 11.6
Short Blades   | 2 3 5 7 8 |  8.7
Fighting       | 1 2 3 4 |  4.4
Dodging        | 5 7 8 |  8.6
Throwing       | 2 3 |  3.8
Evocations     | |  4.9

Action                   |  1- 3 |  4- 6 |  7- 9 || total
-------------------------+-------+-------+-------++-------
Melee: Short sword       |    78 |       |       ||    78
       Dagger            |    61 |   120 |   389 ||   570
Throw: Boomerang         |       |       |    22 ||    22
       Dart              |       |       |    25 ||    25
  Use: Scroll            |     4 |     5 |     4 ||    13
       Potion            |       |       |     3 ||     3
 Stab: Sleeping          |     6 |     4 |    18 ||    28
       Distracted        |       |     2 |       ||     2
  Eat: Ration            |       |     1 |     2 ||     3
Armor: Robe              |    12 |     4 |    11 ||    27
Dodge: Dodged            |    89 |    61 |   253 ||   403

Table legend:
 A = Non-vault XP
 B = Vault XP
 C = Vault XP percentage of total XP
 D = Non-vault monster count
 E = Vault monster count
 F = Vault count percentage of total count
                 A         B        C        D         E       F
            +---------+---------+-------+---------+---------+-------
      Total |    3467 |    1821 |  34.4 |     152 |      13 |   7.9
            +---------+---------+-------+---------+---------+-------
        D:1 |      48 |       9 |  15.8 |      26 |       6 |  18.8
        D:2 |      98 |       0 |   0.0 |      26 |       0 |   0.0
        D:3 |      51 |       0 |   0.0 |      20 |       0 |   0.0
        D:4 |     240 |     697 |  74.4 |      13 |       1 |   7.1
        D:5 |     433 |       0 |   0.0 |      17 |       0 |   0.0
        D:6 |     287 |       0 |   0.0 |       8 |       0 |   0.0
        D:7 |     212 |       0 |   0.0 |       3 |       0 |   0.0
        D:8 |     327 |       0 |   0.0 |       9 |       0 |   0.0
        D:9 |     970 |    1115 |  53.5 |      20 |       6 |  23.1
       D:10 |     801 |       0 |   0.0 |      10 |       0 |   0.0
            +---------+---------+-------+---------+---------+-------
